[Event "ICC tourney 2824 (30 10)"]
[Site "Internet Chess Club"]
[Date "2022.02.12"]
[Round "1"]
[White "CHEN, RYO WENYU:e4f5"]
[Black "MARKOVIC, GORAN:Goran21"]
[Result "1-0"]
[ICCResult "Black resigns"]
[WhiteElo "2282"]
[BlackElo "1952"]
[Opening "Ruy Lopez: Berlin defense"]
[ECO "C65"]
[NIC "RL.07"]
[Time "12:01:18"]
[PlyCount "129"]
[TimeControl "1800+10"]

1. e4 e5 2. Nf3 Nc6 3. Bb5 Nf6 4. d3 Bc5 5. c3 Qe7 6. O-O a6 7. Ba4 b5 8.
Bb3 d6 9. Bg5 h6 10. Bh4 g5 11. Bg3 Nh5 12. Nxe5 Nxe5 13. Bxe5 dxe5 14. Qxh5
Bb7 15. a4 O-O-O 16. axb5 axb5 17. Bc2 Rdf8 18. Nd2 Qd6 19. Nb3 Bb6 20. d4
f5 21. Nc5 Bxc5 22. dxc5 Qxc5 23. exf5 e4 24. Qe2 Qxf5 25. Ra5 Bc6 26. Qe3
Rh7 27. c4 Rhf7 28. cxb5 Bb7 29. Qe1 Re7 30. b6 Qf4 31. Rc5 e3 32. fxe3 Rxe3
33. Qd1 Qxf1+ 34. Qxf1 Rxf1+ 35. Kxf1 c6 36. Kf2 Re8 37. Ba4 Re6 38. b4 Re4
39. Bxc6 Rxb4 40. Bb5+ Kd8 41. Re5 Rf4+ 42. Ke3 Rf8 43. g3 Bg2 44. Kd4 Bf3
45. Kc5 g4 46. Ba4 h5 47. Rxh5 Kc8 48. Re5 Kb7 49. Re7+ Kb8 50. Re8+ Rxe8
51. Bxe8 Kb7 52. Bd7 Kb8 53. Bc6 Be2 54. Kd6 Kc8 55. Ke5 Bf3 56. Be8 Kb7 57.
Kf4 Kxb6 58. Bh5 Kc5 59. Bxg4 Bd5 60. Ke5 Bb3 61. Be6 Bd1 62. g4 Kc6 63. g5
Kc7 64. g6 Kd8 65. g7 {Black resigns} 1-0

[Event "ICC tourney 2824 (30 10)"]
[Site "Internet Chess Club"]
[Date "2022.02.12"]
[Round "1"]
[White "Vilotijevic, Lazar:BalkanDad"]
[Black "RAJA, HARSHIT:Johnking3401"]
[Result "0-1"]
[ICCResult "White resigns"]
[WhiteElo "2004"]
[BlackElo "2532"]
[Opening "Sicilian: closed"]
[ECO "B23"]
[NIC "SI.44"]
[Time "12:01:14"]
[PlyCount "74"]
[TimeControl "1800+10"]

1. e4 c5 2. Nc3 d6 3. f4 g6 4. Nf3 Bg7 5. Bb5+ Bd7 6. Bxd7+ Qxd7 7. O-O Nf6
8. Qe2 Nc6 9. d3 O-O 10. Nd1 b5 11. c3 b4 12. Bd2 Rab8 13. Ne3 Ng4 14. Nxg4
Qxg4 15. h3 Qd7 16. g4 bxc3 17. Bxc3 Rb6 18. Bxg7 Kxg7 19. f5 f6 20. Qg2 Ne5
21. g5 Nxd3 22. gxf6+ Rxf6 23. Nh4 Rxb2 24. Qg3 Ne5 25. Rad1 Qa4 26. fxg6
hxg6 27. Nf5+ Kf8 28. Nxd6 Nf3+ 29. Qxf3 Rxf3 30. Rxf3+ Kg8 31. Rdf1 Qd4+
32. Kh1 exd6 33. Rf8+ Kh7 34. R1f7+ Kh6 35. Rf4 Rb1+ 36. Kg2 Qg1+ 37. Kf3
Rf1+ {White resigns} 0-1

[Event "ICC tourney 2824 (30 10)"]
[Site "Internet Chess Club"]
[Date "2022.02.12"]
[Round "1"]
[White "GUSEINOV, GADIR:GGuseinov"]
[Black "FILIPOVICH, DAVID MICHAEL:dmfcan"]
[Result "1-0"]
[ICCResult "Black resigns"]
[WhiteElo "2713"]
[BlackElo "2050"]
[Opening "Caro-Kann: classical, Spassky variation"]
[ECO "B19"]
[NIC "CK.12"]
[Time "12:01:07"]
[PlyCount "63"]
[TimeControl "1800+10"]

1. e4 c6 2. d4 d5 3. Nd2 dxe4 4. Nxe4 Bf5 5. Ng3 Bg6 6. h4 h6 7. Nf3 Nd7 8.
h5 Bh7 9. Bd3 Bxd3 10. Qxd3 Ngf6 11. Bd2 e6 12. O-O-O Qc7 13. Ne4 Be7 14.
Nxf6+ Bxf6 15. g3 O-O-O 16. Qa3 Kb8 17. Bf4 e5 18. dxe5 Bxe5 19. Nxe5 Nxe5
20. Rhe1 f6 21. Qc3 Rxd1+ 22. Rxd1 Kc8 23. b3 a6 24. Qc5 Re8 25. Qa7 Qe7 26.
Be3 Nd7 27. Kb1 Rd8 28. a4 Nb8 29. Rxd8+ Qxd8 30. Bf4 Qd1+ 31. Kb2 Qd4+ 32.
Qxd4 {Black resigns} 1-0

[Event "ICC tourney 2824 (30 10)"]
[Site "Internet Chess Club"]
[Date "2022.02.12"]
[Round "1"]
[White "Turcotte, Jonathan:JonnyTurgi"]
[Black "MITRABHA, GUHA:babysnake"]
[Result "0-1"]
[ICCResult "White resigns"]
[WhiteElo "2000"]
[BlackElo "2471"]
[Opening "Benkö gambit half accepted"]
[ECO "A57"]
[NIC "BI.43"]
[Time "12:01:36"]
[PlyCount "70"]
[TimeControl "1800+10"]

1. d4 Nf6 2. c4 c5 3. d5 b5 4. cxb5 a6 5. e3 axb5 6. Bxb5 g6 7. Nc3 Bg7 8.
a4 O-O 9. Nf3 d6 10. e4 Ba6 11. Bf4 Nbd7 12. h3 Nh5 13. Bh2 Qa5 14. O-O Bxb5
15. axb5 Qb4 16. Qc2 Nb6 17. Rab1 Nc4 18. Rfc1 h6 19. Ne1 Na5 20. Nd3 Qb3
21. Qe2 Rfb8 22. e5 Bf8 23. f4 Qc4 24. g4 Ng7 25. Rf1 Nb3 26. Kh1 Nd4 27.
Qe4 f5 28. exf6 exf6 29. Qxg6 Nxb5 30. Ne4 Qxd5 31. Rf3 Be7 32. Rbf1 Nd4 33.
Re3 f5 34. gxf5 Nxf5 35. Rg3 Qxe4+ {White resigns} 0-1

[Event "ICC tourney 2824 (30 10)"]
[Site "Internet Chess Club"]
[Date "2022.02.12"]
[Round "1"]
[White "ALEKSANDROV, ALEKSEJ:Aleksandrov73"]
[Black "QUIRKE, JEFFREY L:PawnEatingZombi"]
[Result "1-0"]
[ICCResult "Black resigns"]
[WhiteElo "2551"]
[BlackElo "2018"]
[Opening "QGD: exchange, positional line, 5...c6"]
[ECO "D35"]
[NIC "QO.16"]
[Time "12:01:10"]
[PlyCount "65"]
[TimeControl "1800+10"]

1. d4 d5 2. c4 e6 3. Nc3 Nf6 4. cxd5 exd5 5. Bg5 c6 6. e3 h6 7. Bh4 Be6 8.
Bd3 Nbd7 9. f3 Be7 10. Nge2 O-O 11. O-O c5 12. Rc1 Rc8 13. Bb1 a6 14. Kh1 b5
15. a3 Re8 16. dxc5 Nxc5 17. Nf4 g5 18. Nxe6 Nxe6 19. Bf2 Bc5 20. Ne2 Qb6
21. Qd3 Rcd8 22. b4 Bf8 23. Ng3 Bg7 24. Nf5 Bf8 25. Rc3 Rc8 26. Rfc1 Rxc3
27. Qxc3 Nd7 28. Kg1 Qb8 29. Bg3 Qb6 30. Kf1 Ra8 31. Qd3 Nf6 32. Be5 Nd7 33.
Ne7+ {Black resigns} 1-0

[Event "ICC tourney 2824 (30 10)"]
[Site "Internet Chess Club"]
[Date "2022.02.12"]
[Round "1"]
[White "JIANG, ANDREW:K05-16091063"]
[Black "SHEEHAN, ETHAN THOMAS:Chessking2008"]
[Result "1-0"]
[ICCResult "Black resigns"]
[WhiteElo "1944"]
[BlackElo "2219"]
[Opening "Caro-Kann: Tartakower (Nimzovich) variation"]
[ECO "B15"]
[NIC "CK.06"]
[Time "12:01:21"]
[PlyCount "109"]
[TimeControl "1800+10"]

1. e4 c6 2. d4 d5 3. Nc3 dxe4 4. Nxe4 Nf6 5. Nxf6+ exf6 6. Be3 Qb6 7. Rb1
Be6 8. c4 Bxc4 9. Bxc4 Qb4+ 10. Qd2 Qxc4 11. Rc1 Qb4 12. Nf3 Qxd2+ 13. Kxd2
Bb4+ 14. Kc2 O-O 15. a3 Bd6 16. Rcd1 Rc8 17. Kb1 Nd7 18. d5 c5 19. Nd2 c4
20. Ne4 Bf8 21. Rhe1 b5 22. d6 a6 23. Rd5 Re8 24. Ng3 g6 25. Red1 Rac8 26.
h4 Re6 27. Ne2 f5 28. Nf4 Re4 29. g3 c3 30. Rc1 Rec4 31. bxc3 Rxc3 32. Rxc3
Rxc3 33. Nd3 Rc8 34. Nb4 Nf6 35. d7 Rd8 36. Bg5 Nxd5 37. Bxd8 Bxb4 38. axb4
Nxb4 39. Ba5 Nc6 40. d8=Q+ Nxd8 41. Bxd8 Kf8 42. Kc2 Ke8 43. Ba5 Kd7 44. Kd3
Ke6 45. Kd4 f4 46. g4 h5 47. gxh5 gxh5 48. f3 Kd6 49. Bd2 Ke6 50. Kc5 Kf6
51. Kd6 Kf5 52. Bc3 f6 53. Ke7 Kg6 54. Ke6 f5 55. Ba5 {Black resigns} 1-0

[Event "ICC tourney 2824 (30 10)"]
[Site "Internet Chess Club"]
[Date "2022.02.12"]
[Round "1"]
[White "Nguyen, Hoa Duc:leoman"]
[Black "SHAWKAT, SAIF:saif-shawkat"]
[Result "1-0"]
[ICCResult "Black resigns"]
[WhiteElo "2506"]
[BlackElo "2002"]
[Opening "King's Indian: Sämisch, 5...O-O"]
[ECO "E81"]
[NIC "KI.54"]
[Time "12:01:13"]
[PlyCount "65"]
[TimeControl "1800+10"]

1. d4 Nf6 2. c4 g6 3. Nc3 Bg7 4. e4 d6 5. f3 O-O 6. Be3 c5 7. Nge2 Nc6 8. d5
Ne5 9. Ng3 e6 10. Be2 exd5 11. cxd5 a6 12. a4 h5 13. O-O h4 14. Nh1 h3 15.
g3 Bd7 16. Nf2 b5 17. b3 b4 18. Nb1 Re8 19. Nd2 Nxd5 20. exd5 Nxf3+ 21. Bxf3
Rxe3 22. Nc4 Bxa1 23. Nxe3 Bd4 24. Nc4 Bf5 25. Kh1 Ra7 26. g4 Bc8 27. Nxh3
Qh4 28. Kg2 f5 29. Qe1 Qxe1 30. Rxe1 fxg4 31. Re8+ Kf7 32. Nxd6+ Kf6 33.
Nxc8 {Black resigns} 1-0

[Event "ICC tourney 2824 (30 10)"]
[Site "Internet Chess Club"]
[Date "2022.02.12"]
[Round "1"]
[White "IVANOV, ALEXANDER:marble"]
[Black "SRIPADA, HAVISH:brilliantnessme"]
[Result "1-0"]
[ICCResult "Black checkmated"]
[WhiteElo "2395"]
[BlackElo "1976"]
[Opening "Sicilian"]
[ECO "B50"]
[NIC "SI.01"]
[Time "12:01:12"]
[PlyCount "59"]
[TimeControl "1800+10"]

1. e4 c5 2. Nf3 d6 3. c3 Nf6 4. Bd3 Nc6 5. Bc2 Bg4 6. d3 e6 7. Nbd2 Be7 8.
h3 Bh5 9. Nf1 d5 10. Ng3 Bg6 11. Nh4 Nxe4 12. Nxg6 Nxg3 13. Nxh8 Nxh1 14.
Qh5 Kd7 15. Nxf7 Qc7 16. Ba4 Qh2 17. Kf1 Rf8 18. Bxc6+ Kxc6 19. Ne5+ Kc7 20.
Nf3 Kb8 21. Be3 Ng3+ 22. fxg3 Qh1+ 23. Bg1 Bd6 24. Re1 c4 25. Rxe6 cxd3 26.
Re8+ Rxe8 27. Qxe8+ Kc7 28. Qf7+ Kb8 29. Qxd5 Bxg3 30. Qd8# {Black
checkmated} 1-0

[Event "ICC tourney 2824 (30 10)"]
[Site "Internet Chess Club"]
[Date "2022.02.12"]
[Round "1"]
[White "Gao, Marvin:kaiclc"]
[Black "Belous, Vladimir:Openyagami"]
[Result "0-1"]
[ICCResult "White checkmated"]
[WhiteElo "2038"]
[BlackElo "2572"]
[Opening "Sicilian: Nimzovich-Rossolimo attack (without ...d6)"]
[ECO "B30"]
[NIC "SI.31"]
[Time "12:01:16"]
[PlyCount "118"]
[TimeControl "1800+10"]

1. e4 c5 2. Nf3 Nc6 3. Bb5 d6 4. c3 Nf6 5. d3 Bg4 6. h3 Bh5 7. Nbd2 a6 8.
Bxc6+ bxc6 9. Nf1 d5 10. Ng3 Bg6 11. e5 Nd7 12. h4 h6 13. e6 fxe6 14. Qe2
Bf7 15. Bf4 g6 16. Ne5 Qb6 17. Nxf7 Kxf7 18. O-O Bg7 19. Rae1 e5 20. Bxe5
Bxe5 21. f4 Bf6 22. f5 Ke8 23. fxg6 Kd8 24. g7 Rg8 25. Rxf6 exf6 26. Qe7+
Kc8 27. Nf5 Qd8 28. Qe6 Kb7 29. Ne7 Rxg7 30. Qxc6+ Ka7 31. Re6 Nb6 32. Qxc5
Kb7 33. Nc6 Qc7 34. Na5+ Ka7 35. Nc6+ Kb7 36. Na5+ Ka7 37. Rc6 Qd8 38. Rd6
Rc8 39. Nc6+ Rxc6 40. Qxc6 Qc7 41. Rxf6 Qxc6 42. Rxc6 Na4 43. b3 Kb7 44.
Rxh6 Nxc3 45. Rh5 Kc6 46. Rh6+ Kc5 47. Rxa6 Rh7 48. g3 Kd4 49. Rf6 Kxd3 50.
Rf3+ Kc2 51. Rf2+ Kd1 52. Rf3 d4 53. Kf1 Kd2 54. Rf2+ Ke3 55. Ke1 d3 56. Rh2
Ne2 57. Kd1 Rc7 58. Rxe2+ dxe2+ 59. Ke1 Rc1# {White checkmated} 0-1

[Event "ICC tourney 2824 (30 10)"]
[Site "Internet Chess Club"]
[Date "2022.02.12"]
[Round "1"]
[White "LIU, ERIC CHANG:el008"]
[Black "Liang, Jason:Jupiter435"]
[Result "1-0"]
[ICCResult "Black forfeits on time"]
[WhiteElo "1954"]
[BlackElo "2350"]
[Opening "Sicilian: Taimanov (Bastrikov) variation"]
[ECO "B47"]
[NIC "SI.40"]
[Time "12:01:07"]
[PlyCount "57"]
[TimeControl "1800+10"]

1. e4 c5 2. Nf3 e6 3. d4 cxd4 4. Nxd4 Nc6 5. Nc3 Qc7 6. Be2 Nf6 7. Be3 a6 8.
O-O Be7 9. f4 d6 10. Kh1 O-O 11. Qe1 Nxd4 12. Bxd4 b5 13. a3 Bb7 14. Qg3 Bc6
15. Rae1 Rad8 16. Bd3 Nh5 17. Qg4 Nf6 18. Qg3 Qd7 19. e5 dxe5 20. Bxe5 g6
21. f5 exf5 22. Rxf5 Ne8 23. Rff1 Bd6 24. Ne4 Bxe5 25. Qxe5 Qb7 26. Re2 Rd5
27. Nf6+ Nxf6 28. Qxf6 Rd7 29. Bf5 {Black forfeits on time} 1-0

[Event "ICC tourney 2824 (30 10)"]
[Site "Internet Chess Club"]
[Date "2022.02.12"]
[Round "1"]
[White "Latorre, Vincent:vinclat"]
[Black "GANT, CHRISTOPHER JEFFREY:Baggie"]
[Result "0-1"]
[ICCResult "White forfeits on time"]
[WhiteElo "1900"]
[BlackElo "2150"]
[Opening "Sicilian: accelerated fianchetto, modern variation with Bc4"]
[ECO "B35"]
[NIC "SI.33"]
[Time "12:01:25"]
[PlyCount "98"]
[TimeControl "1800+10"]

1. e4 c5 2. Nf3 Nc6 3. d4 cxd4 4. Nxd4 g6 5. Nc3 Bg7 6. Be3 Nf6 7. Bc4 O-O
8. Bb3 Re8 9. f3 e6 10. Qd2 d5 11. Nxc6 bxc6 12. e5 Nd7 13. f4 Ba6 14. Ba4
Qc7 15. O-O-O Nb6 16. Qf2 Nc4 17. Bc5 Qb7 18. Bb3 f6 19. Rhe1 fxe5 20. Bxc4
Bxc4 21. fxe5 Qc7 22. Bd6 Qa5 23. Qc5 Qd8 24. b3 Ba6 25. Qxc6 Qc8 26. Qxc8
Raxc8 27. Kb2 Rc6 28. Bb4 Rec8 29. Rd2 Bh6 30. Rd4 Bf8 31. Re3 Bh6 32. Re1
Bf8 33. Re3 Bh6 34. Rh3 Bg7 35. Re3 Bf1 36. g4 Bg2 37. Be7 Be4 38. Bf6 Bf8
39. a3 Bc5 40. Rexe4 dxe4 41. Rxe4 Bxa3+ 42. Kxa3 Rxc3 43. Rd4 Rxc2 44. Rd7
R2c7 45. Rd6 Kf7 46. h4 Rb8 47. b4 Rcb7 48. g5 Rc8 49. Kb3 a5
{White forfeits on time}
0-1

[Event "ICC tourney 2824 (30 10)"]
[Site "Internet Chess Club"]
[Date "2022.02.12"]
[Round "1"]
[White "Gaw, Chloe:HarleyQueen8"]
[Black "TANG, ZOEY:WonderZ"]
[Result "1-0"]
[ICCResult "Black resigns"]
[WhiteElo "1766"]
[BlackElo "2085"]
[Opening "King's Indian: Petrosian system, Stein variation"]
[ECO "E92"]
[NIC "KI.17"]
[Time "12:01:06"]
[PlyCount "137"]
[TimeControl "1800+10"]

1. d4 Nf6 2. c4 g6 3. Nc3 Bg7 4. e4 d6 5. Be2 O-O 6. Nf3 e5 7. d5 a5 8. h3
Na6 9. Bg5 Bd7 10. Nd2 Qe8 11. g4 h6 12. Be3 Nh7 13. Qc1 Nc5 14. Nf1 g5 15.
h4 f6 16. Ng3 gxh4 17. Rxh4 Ng5 18. Qc2 b6 19. O-O-O a4 20. Nf5 Bxf5 21.
gxf5 Qd7 22. Rdh1 Kf7 23. Bd1 Ke7 24. Bxc5 bxc5 25. Nxa4 Rfb8 26. Nc3 Kd8
27. Nb5 Bf8 28. Kb1 Bg7 29. Rg4 Bf8 30. Rg3 Qc8 31. Re1 Rb6 32. Ree3 Rba6
33. Ra3 c6 34. dxc6 Qxc6 35. Rge3 Rxa3 36. Nxa3 Qa6 37. Qd2 Qb7 38. Qd5 Qa6
39. Qg8 Kd7 40. Qd5 Be7 41. Bb3 h5 42. Nb5 h4 43. Qd1 Rh8 44. Ba4 Kc8 45.
Bc2 h3 46. Ra3 Qb7 47. Ra7 h2 48. Rxb7 Kxb7 49. Qh1 Nf3 50. Bd1 Ne1 51. Be2
Kb6 52. Kc1 Bf8 53. Kd1 Ng2 54. Bf3 Nf4 55. Nc3 Nd3 56. Qf1 h1=Q 57. Bxh1
Rxh1 58. Qxh1 Nxf2+ 59. Ke2 Nxh1 60. Kf3 Kc6 61. Kg2 Bh6 62. Ne2 Kd7 63.
Kxh1 Ke7 64. Kg2 Kf7 65. Kf3 Bd2 66. Kg4 Be1 67. Nc3 Ke7 68. Kh5 Bd2 69. Kg6
{Black resigns}
1-0

[Event "ICC tourney 2824 (30 10)"]
[Site "Internet Chess Club"]
[Date "2022.02.12"]
[Round "1"]
[White "XIE, BRYAN:largecrab"]
[Black "TANG, AUSTIN:Mrpeetapizza"]
[Result "1-0"]
[ICCResult "Black checkmated"]
[WhiteElo "2102"]
[BlackElo "1867"]
[Opening "Sicilian: Boleslavsky variation, 7.Nb3"]
[ECO "B59"]
[NIC "SI.25"]
[Time "12:01:09"]
[PlyCount "161"]
[TimeControl "1800+10"]

1. e4 c5 2. Nf3 d6 3. d4 cxd4 4. Nxd4 Nf6 5. Nc3 Nc6 6. Be2 e5 7. Nb3 Be7 8.
Bg5 O-O 9. Bxf6 Bxf6 10. O-O Be6 11. Nd5 Bg5 12. c3 Ne7 13. Nxe7+ Qxe7 14.
Qd3 Rad8 15. Rfd1 d5 16. Bf3 dxe4 17. Qxe4 Rxd1+ 18. Rxd1 Bxb3 19. axb3 b6
20. Qa4 Rd8 21. Rxd8+ Qxd8 22. Qxa7 e4 23. Be2 g6 24. g3 e3 25. f4 Qd2 26.
Qa8+ Kg7 27. Qg2 Bf6 28. Bf1 Qc1 29. Qe2 h5 30. Kg2 b5 31. b4 h4 32. Kf3
hxg3 33. hxg3 Bd8 34. Kg2 Bb6 35. g4 Ba7 36. g5 Bb8 37. Kf3 Ba7 38. Kg3 Kg8
39. Kg2 Kg7 40. Kf3 Kg8 41. Qxb5 Qxb2 42. Qe8+ Kg7 43. Qe5+ Kg8 44. Qe8+ Kg7
45. Qe5+ Kg8 46. Be2 Qc1 47. Ke4 Qb1+ 48. Kd5 Qh1+ 49. Qe4 Qe1 50. Qe8+ Kg7
51. Qe5+ Kg8 52. Bd3 Qd2 53. Qe8+ Kg7 54. Qe5+ Kg8 55. Kc4 Qa2+ 56. Kb5 Qg2
57. Qe8+ Kg7 58. Bc4 Qb7+ 59. Ka4 Bb6 60. Ka3 Qc7 61. Qe5+ Qxe5 62. fxe5 Bc7
63. b5 Bxe5 64. Kb4 Bf4 65. b6 Bxg5 66. Kb5 Bf4 67. Be2 g5 68. c4 f5 69. c5
g4 70. c6 g3 71. c7 g2 72. c8=Q g1=Q 73. Qc3+ Kg6 74. Bd3 Qg2 75. Qc4 Qb2+
76. Ka6 Qe5 77. Qg8+ Kf6 78. Qh8+ Ke6 79. Bc4+ Ke7 80. Qh7+ Kd6 81. Qc7#
{Black checkmated}
1-0

[Event "ICC tourney 2824 (30 10)"]
[Site "Internet Chess Club"]
[Date "2022.02.12"]
[Round "2"]
[White "MARKOVIC, GORAN:Goran21"]
[Black "Gao, Marvin:kaiclc"]
[Result "0-1"]
[ICCResult "White checkmated"]
[WhiteElo "1952"]
[BlackElo "2038"]
[Opening "Sicilian defense"]
[ECO "B20"]
[NIC "SI.48"]
[Time "14:00:21"]
[PlyCount "68"]
[TimeControl "1800+10"]

1. e4 c5 2. d3 e6 3. g3 d5 4. Nd2 Bd6 5. Bg2 Ne7 6. Ngf3 Nbc6 7. O-O O-O 8.
Nh4 Rb8 9. f4 f6 10. f5 d4 11. g4 Qc7 12. Nhf3 Bf4 13. h4 Be3+ 14. Kh1 Qg3
15. Nb3 Qxg4 16. Bxe3 dxe3 17. fxe6 f5 18. Qe1 f4 19. Nxc5 Ng6 20. Kh2 Rf6
21. Bh3 Qh5 22. Nd7 Bxd7 23. exd7 Nce5 24. Nxe5 Qxe5 25. Kh1 f3 26. Bf5 Qf4
27. h5 f2 28. Qc3 Qf3+ 29. Kh2 Nf4 30. Qc4+ Kh8 31. Rg1 fxg1=Q+ 32. Rxg1
Qf2+ 33. Kh1 Qh4+ 34. Bh3 Qxh3# {White checkmated} 0-1

[Event "ICC tourney 2824 (30 10)"]
[Site "Internet Chess Club"]
[Date "2022.02.12"]
[Round "2"]
[White "MITRABHA, GUHA:babysnake"]
[Black "JIANG, ANDREW:K05-16091063"]
[Result "1-0"]
[ICCResult "Black resigns"]
[WhiteElo "2471"]
[BlackElo "1944"]
[Opening "Queen's bishop game"]
[ECO "D02"]
[NIC "QP.08"]
[Time "14:01:24"]
[PlyCount "83"]
[TimeControl "1800+10"]

1. d4 d5 2. Nf3 Nf6 3. Bf4 e6 4. e3 c5 5. Nbd2 Bd6 6. c3 Qc7 7. Ne5 Nc6 8.
Ndf3 Ne4 9. Bd3 f6 10. Nxc6 Bxf4 11. exf4 Qxc6 12. O-O O-O 13. Re1 b6 14.
Qe2 Bb7 15. Rad1 a6 16. Nd2 Nxd2 17. Rxd2 Rfe8 18. Qh5 f5 19. Rde2 g6 20.
Qh4 Kg7 21. Re3 cxd4 22. Rh3 h5 23. cxd4 Rac8 24. Rg3 Kf7 25. h3 Rg8 26.
Rge3 Rce8 27. Qg5 Qc7 28. Bb1 Qe7 29. Qg3 Qf6 30. Re5 Rc8 31. Qb3 Rc6 32.
Bd3 Rgc8 33. g3 h4 34. Kg2 hxg3 35. fxg3 R8c7 36. h4 Rd6 37. Qd1 Qh8 38. Qe2
Qc8 39. h5 Rdc6 40. hxg6+ Kf6 41. Qh5 Kg7 42. Bxf5 {Black resigns} 1-0

[Event "ICC tourney 2824 (30 10)"]
[Site "Internet Chess Club"]
[Date "2022.02.12"]
[Round "2"]
[White "FILIPOVICH, DAVID MICHAEL:dmfcan"]
[Black "SRIPADA, HAVISH:brilliantnessme"]
[Result "0-1"]
[ICCResult "White resigns"]
[WhiteElo "2050"]
[BlackElo "1976"]
[Opening "English: Neo-Catalan declined"]
[ECO "A07"]
[NIC "RE.09"]
[Time "14:00:27"]
[PlyCount "58"]
[TimeControl "1800+10"]

1. Nf3 d5 2. g3 Nf6 3. Bg2 e6 4. O-O Be7 5. c4 O-O 6. b3 c5 7. Bb2 Nc6 8. e3
b6 9. Nc3 Bb7 10. cxd5 exd5 11. d4 c4 12. bxc4 dxc4 13. Ne5 Nxe5 14. Bxb7
Nd3 15. Bxa8 Qxa8 16. Qe2 Bb4 17. Rad1 Nxb2 18. Qxb2 Bxc3 19. Qxc3 b5 20. f3
Nd5 21. Qc1 b4 22. e4 Nc3 23. Rd2 f5 24. d5 fxe4 25. fxe4 Nxe4 26. Rd4 Nc3
27. Rxf8+ Qxf8 28. Qf1 Qc5 29. Qxc4 Qxd4+ {White resigns} 0-1

[Event "ICC tourney 2824 (30 10)"]
[Site "Internet Chess Club"]
[Date "2022.02.12"]
[Round "2"]
[White "Belous, Vladimir:Openyagami"]
[Black "CHEN, RYO WENYU:e4f5"]
[Result "1-0"]
[ICCResult "Black resigns"]
[WhiteElo "2572"]
[BlackElo "2282"]
[Opening "King's Indian: Makagonov system (5.h3)"]
[ECO "E71"]
[NIC "KI.30"]
[Time "14:01:44"]
[PlyCount "69"]
[TimeControl "1800+10"]

1. c4 Nf6 2. Nc3 g6 3. e4 d6 4. d4 Bg7 5. h3 O-O 6. Bg5 c5 7. d5 e6 8. Bd3
exd5 9. exd5 Re8+ 10. Kf1 h6 11. Bh4 Nbd7 12. Nf3 a6 13. a4 g5 14. Bg3 Nh5
15. Bh2 Nf4 16. Bxf4 gxf4 17. Kg1 Ne5 18. Kh2 Nxd3 19. Qxd3 Qf6 20. Rhe1 Bf5
21. Qd2 Bg6 22. Re2 Qf5 23. Rae1 Rxe2 24. Qxe2 Qd3 25. Qe7 Qxc4 26. Qxd6 Qb4
27. Re2 Bd3 28. Rd2 Bf5 29. Qe7 Qb6 30. d6 Bf8 31. Qe5 Be6 32. Ne4 Bg7 33.
Qxc5 Qb3 34. d7 Rd8 35. Qc7 {Black resigns} 1-0

[Event "ICC tourney 2824 (30 10)"]
[Site "Internet Chess Club"]
[Date "2022.02.12"]
[Round "2"]
[White "GANT, CHRISTOPHER JEFFREY:Baggie"]
[Black "ALEKSANDROV, ALEKSEJ:Aleksandrov73"]
[Result "0-1"]
[ICCResult "White resigns"]
[WhiteElo "2150"]
[BlackElo "2551"]
[Opening "Catalan: open, 5.Nf3"]
[ECO "E04"]
[NIC "CA.03"]
[Time "14:00:24"]
[PlyCount "64"]
[TimeControl "1800+10"]

1. d4 Nf6 2. c4 e6 3. g3 d5 4. Nf3 dxc4 5. Bg2 Nc6 6. O-O Rb8 7. a4 a6 8. b3
cxb3 9. Qxb3 Nxd4 10. Nxd4 Qxd4 11. Bb2 Qb4 12. Qc2 Qc5 13. Qb3 Bd6 14. Ba3
Qh5 15. Bf3 Ng4 16. Bxg4 Qxg4 17. Bxd6 cxd6 18. Qb6 Bd7 19. Qxd6 Rd8 20. Rd1
Qg5 21. Nc3 Bc6 22. Qb4 Rxd1+ 23. Rxd1 Qe7 24. Qd4 O-O 25. a5 Qf6 26. Qe3 h6
27. f3 Rc8 28. Nb1 Qb2 29. Kf2 Ba4 30. Re1 Rc2 31. Qd3 Bb5 32. Qe3 Bxe2
{White resigns}
0-1

[Event "ICC tourney 2824 (30 10)"]
[Site "Internet Chess Club"]
[Date "2022.02.12"]
[Round "2"]
[White "LIU, ERIC CHANG:el008"]
[Black "Nguyen, Hoa Duc:leoman"]
[Result "1/2-1/2"]
[ICCResult "Game drawn by repetition"]
[WhiteElo "1954"]
[BlackElo "2506"]
[Opening "Sicilian defense"]
[ECO "B32"]
[NIC "SI.32"]
[Time "14:00:14"]
[PlyCount "77"]
[TimeControl "1800+10"]

1. e4 c5 2. Nf3 Nc6 3. d4 cxd4 4. Nxd4 Qb6 5. Nb3 Nf6 6. Nc3 e6 7. Be3 Qc7
8. a3 a6 9. Be2 b5 10. O-O Be7 11. f4 d6 12. Qe1 O-O 13. Qg3 Bb7 14. Rae1 b4
15. axb4 Nxb4 16. Bd3 d5 17. e5 Ne4 18. Bxe4 dxe4 19. f5 exf5 20. Nd4 Bc8
21. Bh6 g6 22. Bxf8 Kxf8 23. Nxe4 Nxc2 24. Nxc2 Qxc2 25. Nf6 Kg7 26. Qh4
Qc5+ 27. Kh1 h5 28. Qg5 Be6 29. Nxh5+ Kh7 30. Nf6+ Kg7 31. Rf4 Rh8 32. Rh4
Qc8 33. Nh5+ Kf8 34. Nf6 Kg7 35. Nh5+ Kf8 36. Nf6 Kg7 37. Nh5+ Kf8 38. Nf6
Kg7 39. Nh5+ {Game drawn by repetition} 1/2-1/2

[Event "ICC tourney 2824 (30 10)"]
[Site "Internet Chess Club"]
[Date "2022.02.12"]
[Round "2"]
[White "IVANOV, ALEXANDER:marble"]
[Black "GUSEINOV, GADIR:GGuseinov"]
[Result "1/2-1/2"]
[ICCResult "Game drawn by mutual agreement"]
[WhiteElo "2395"]
[BlackElo "2713"]
[Opening "Sicilian defense"]
[ECO "B40"]
[NIC "SI.43"]
[Time "14:00:09"]
[PlyCount "84"]
[TimeControl "1800+10"]

1. e4 c5 2. Nf3 e6 3. c3 d5 4. exd5 exd5 5. d4 Nf6 6. Bb5+ Nc6 7. O-O Be7 8.
dxc5 Bxc5 9. Re1+ Be6 10. Nd4 O-O 11. Bxc6 bxc6 12. Nxc6 Qd6 13. Nd4 Ng4 14.
g3 Bd7 15. Bf4 Qg6 16. Nd2 Rae8 17. Qf3 Nf6 18. N2b3 Bb6 19. Bd6 Rxe1+ 20.
Rxe1 Rc8 21. Bf4 h5 22. h4 Ne4 23. Qd3 a5 24. Nd2 Bf5 25. Nxf5 Bxf2+ 26. Kg2
Qxf5 27. Re2 Ba7 28. Nxe4 dxe4 29. Qxe4 Qb5 30. a4 Qb3 31. Rd2 Qb6 32. Qd4
Qc6+ 33. Qd5 Qb6 34. Qd4 Qa6 35. Qd7 g6 36. Kh2 Bb6 37. Qb5 Qa7 38. Rd7 Bg1+
39. Kh1 Qf2 40. Rd2 Qa7 41. Rd7 Qf2 42. Rd2 Qa7 {Game drawn by mutual
agreement} 1/2-1/2

[Event "ICC tourney 2824 (30 10)"]
[Site "Internet Chess Club"]
[Date "2022.02.12"]
[Round "2"]
[White "RAJA, HARSHIT:Johnking3401"]
[Black "XIE, BRYAN:largecrab"]
[Result "1-0"]
[ICCResult "Black resigns"]
[WhiteElo "2532"]
[BlackElo "2102"]
[Opening "Queen's Indian: old main line, 7.Nc3"]
[ECO "E18"]
[NIC "QI.11"]
[Time "14:00:42"]
[PlyCount "101"]
[TimeControl "1800+10"]

1. d4 Nf6 2. c4 e6 3. Nf3 b6 4. g3 Bb7 5. Bg2 Be7 6. O-O O-O 7. Nc3 Ne4 8.
Qc2 Nxc3 9. bxc3 d5 10. h4 Nd7 11. cxd5 exd5 12. c4 Nf6 13. Ne5 c5 14. Bb2
cxd4 15. Bxd4 Qc7 16. Rac1 dxc4 17. Bxb7 Qxb7 18. Qxc4 Ba3 19. Rc3 Bb2 20.
Rd3 Rac8 21. Qb3 Bxd4 22. Rxd4 Rfd8 23. Rxd8+ Rxd8 24. Rc1 Re8 25. f4 h5 26.
Rd1 Rc8 27. a4 Ng4 28. Nxg4 hxg4 29. Rd5 Qe7 30. Kf2 Rc5 31. Rd4 Rc8 32. Qb4
Qxb4 33. Rxb4 Rc5 34. Rb5 Rxb5 35. axb5 f5 36. e4 fxe4 37. Ke3 Kf7 38. Kxe4
Ke6 39. f5+ Kd6 40. Kf4 Kd7 41. h5 Ke7 42. Kxg4 Kf6 43. Kf4 Kf7 44. g4 Kf6
45. g5+ Kf7 46. Ke5 Ke7 47. g6 Ke8 48. f6 gxf6+ 49. Kxf6 Kf8 50. h6 Kg8 51.
g7 {Black resigns} 1-0